 Dungeon Crawl Stone Soup version 0.31-a0-325-g067879e3d3 (webtiles) character file.

Game seed: 14882800445306459646

46 LustLizard the Changeling (level 3, 0/25 HPs)
             Began as an Octopode Shapeshifter on July 19, 2023.
             Slain by Terence
             ... wielding a +0 trident
              (9 damage)
             ... on level 2 of the Dungeon.
             The game lasted 00:03:51 (1501 turns).

LustLizard the Changeling (Octopode Shapeshifter)   Turns: 1501, Time: 00:03:52

Health: 0/25       AC:  1    Str: 16    XL:     3   Next: 68%
Magic:  3/3        EV: 13    Int: 10    God:
Gold:   160        SH:  5    Dex: 12    Spells: 2/2 levels left

rFire   . .          .
                       - Unarmed
rCold   . . .        (no shield)
rNeg    . . .        (helmet currently unavailable)
rPois   .            i - amulet of reflection
rElec   .            (no ring)
rCorr   .            (no ring)
SInv    .            (no ring)
Will    .....        (no ring)
Stlth   ++           (no ring)
HPRegen 0.24/turn    (no ring)
MPRegen 0.08/turn    (no ring)
                     (no ring)

%: reflection
@: beast-form
A: beast (slay +2), almost no armour, amphibious, 8 rings, camouflage 1,
gelatinous body 1, (nimble swimmer 1), tentacles
a: Begin Untransformation


You were on level 2 of the Dungeon.
You were a hulking beast.
You visited 1 branch of the dungeon, and saw 2 of its levels.

You collected 160 gold pieces.

Inventory:

Missiles
 l - 2 datura-tipped darts (quivered)
Jewellery
 i - an amulet of reflection (around mantle)
Talismans
 b - a beast talisman
 j - a maw talisman
Scrolls
 c - 4 scrolls of identify {unknown}
 d - a scroll of silence {unknown}
 f - 3 scrolls of amnesia {unknown}
 g - 3 scrolls of teleportation {unknown}
 k - a scroll of poison {unknown}
Potions
 a - a potion of lignification
 e - 2 potions of heal wounds {unknown}
 h - a potion of brilliance {unknown}
 m - a potion of magic {unknown}


   Skills:
 + Level 2.5 Fighting
 - Level 2.0 Dodging
 * Level 3.1 Unarmed Combat
 + Level 3.3 Shapeshifting


You had 2 spell levels left.
You didn't know any spells.
Your spell library contained the following spells:

 Spells                   Type           Power      Damage    Failure   Level
 Blink                    Tloc           0%         N/A       50%         2
 Lesser Beckoning         Tloc           0%         N/A       50%         2
 Momentum Strike          Conj/Tloc      0%         3d8       50%         2


Dungeon Overview and Level Annotations

Branches:
Dungeon (2/15)

Altars:

Shops:
D:1 [[**

Annotations:
D:2 Terence


Innate Abilities, Weirdness & Mutations

You are a hulking beast.
Your limbs bulge with bestial killing power. (Slay +2)
You cannot wear most types of armour.
You are amphibious.
You can wear up to eight rings at the same time.
Your skin changes colour to match your surroundings (Stealth+).
Your rubbery body absorbs attacks. (AC +1, EV +1)
((You are camouflaged when in or above water. (Stealth+)))
You have tentacles for arms and can constrict up to eight enemies at once.


Message History

You kill the worm!
HP restored.
You see here a worm corpse.
You now have 137 gold pieces (gained 13).
Things that are here:
a +0 short sword; an adder corpse; a frilled lizard corpse
c - 4 scrolls labelled YSTISA RUNEL (gained 1)
You now have 144 gold pieces (gained 7).
You now have 160 gold pieces (gained 16).
Key pressed, stopping explore.
Unknown command.
Search for what [Enter for "maw", or ? for help]? dart You see here 4 datura-tipped darts.
l - 4 datura-tipped darts
m - a fizzy red potion Terence is nearby!
Throw: 4 darts (datura)
Press: ? - help, Q - select action Shift-Dir - straight line, f - Terence
Aim: Terence, wielding a +0 trident, wearing a +0 ring mail and carrying a wand of polymorph (wandering, hasn't noticed you, 61% to hit, chance to frenzy on hit: 100%)
You throw a datura-tipped dart. The datura-tipped dart hits Terence.
Terence flies into a frenzy!
Throw: 3 darts (datura)
Press: ? - help, Q - select action Shift-Dir - straight line, f/p - Terence
Aim: Terence, wielding a +0 trident, wearing a +0 ring mail and carrying a wand of polymorph (fast, strong, frenzied and insane, 61% to hit, immune)
You throw a datura-tipped dart. The datura-tipped dart hits Terence.
Unknown command.
Terence hits you from afar with a +0 trident! x2
* * * LOW HITPOINT WARNING * * *
Terence misses you.
Terence shouts!
Terence barely misses you.
You hear a shout!
Terence closely misses you. Terence barely misses you.
You hear a shout!
Terence completely misses you.
Terence shouts!
Terence misses you.
Terence hits you from afar with a +0 trident!
You die...

....#................# #..#
.....................# ##>##
.....................## #..#
####..................# ##.##
#................#.# #...
#..........<.....#.# ###.
#.(..............#.## ##
#...............[...######
#(#......h............#...
#..............#[...<...##
#####.####.@##...####....#..#.
##.....# ##.##...####....#.##.
##.....## #......>.(..........
#......@#####........#..........
#.......#.......................
##.........####................##
............# #..................


You could see the neutral Terence (fast, strong, insane).

Vanquished Creatures
  An adder (D:2)
  A worm (D:2)
  A dart slug (D:2)
  4 endoplasms
  3 giant cockroaches
  4 hobgoblins
  A quokka (D:2)
  A ball python (D:1)
  A bat (D:1)
  3 frilled lizards
  2 goblins (D:1)
  5 kobolds
  6 rats
33 creatures vanquished.

Notes
Turn   | Place    | Note
-------+----------+-------------------------------------------
     0 | D:1      | LustLizard the Octopode Shapeshifter began the quest for
                  | the Orb.
     0 | D:1      | Reached XP level 1. HP: 14/14 MP: 1/1
    64 | D:1      | Found Pomuci's Assorted Antiques.
   293 | D:1      | Reached XP level 2. HP: 19/19 MP: 2/2
   296 | D:1      | Found Rienocif's Antique Armour Boutique.
   331 | D:1      | Found Duzxur's Armour Shop.
   755 | D:1      | Found Vulipoon's General Store.
  1010 | D:2      | Reached XP level 3. HP: 25/25 MP: 3/3
  1184 | D:2      | Noticed Terence
  1501 | D:2      | Slain by Terence

Illustrated notes

Levels and vault maps discovered:
D:1:      dpeg_arrival_houses_and_road, layout_basic, serial_shops, shop, shop,
          shop, nicolae_shop_trees, serial_rivers,
          chequers_serial_rivers_micro_e, chequers_serial_rivers_large_a,
          chequers_serial_rivers_micro_e, chequers_serial_rivers_small_a,
          chequers_serial_rivers_marsh, chequers_serial_rivers_micro_a
D:2:      layout_rooms, minmay_pentomino_pile, uniq_terence

Skill      XL: |  1  2  3 |
---------------+----------+-----
Unarmed Combat | 3 |  3.1
Fighting       | |  2.5
Dodging        | |  2.0
Shapeshifting  | |  3.3

Action                     || total
---------------------------++-------
  Melee: Unarmed           ||    54
         Constrict         ||    14
         Tentacles         ||     8
  Throw: Dart              ||     2
   Stab: Sleeping          ||     8
 Armour: Skin              ||     5
  Dodge: Dodged            ||    20
  Block: Other             ||     1

Table legend: (Time is in decaauts)
 A = Elapsed time spent in this place.
 B = Non-inter-level travel time spent in this place.
 C = Inter-level travel time spent in this place.
 D = Time resting spent in this place.
 E = Time spent auto-exploring this place.
 F = Levels seen in this place.
 G = Mean time per level.
                   A        B        C        D        E       F      G
               +--------+--------+--------+--------+--------+-----+--------+
         Total |   1499 |   1402 |     97 |     19 |   1095 |   2 |  749.5 |
       Dungeon |   1499 |   1402 |     97 |     19 |   1095 |   2 |  749.5 |
               +--------+--------+--------+--------+--------+-----+--------+

Top non-repeatable levels by time:
     D:1: 1053 daAuts
     D:2: 446 daAuts
